 Dungeon Crawl Stone Soup version 0.29.1-12-g30fa7ad0bf (webtiles) character file.

Game seed: 1642915961444450020

14 javelincjr the Chopper (level 2, 0/27 HPs)
             Began as a Hill Orc Berserker on Jan 5, 2023.
             Was a Follower of Trog.
             Slain by a goblin
             ... wielding a +0 dagger
              (3 damage)
             ... on level 1 of the Dungeon.
             The game lasted 00:01:08 (914 turns).

javelincjr the Chopper (Hill Orc Berserker)          Turns: 914, Time: 00:01:09

Health: 0/27       AC:  2    Str: 19    XL:     2   Next: 45%
Magic:  2/2        EV: 12    Int:  7    God:    Trog [*.....]
Gold:   29         SH:  0    Dex: 10    Spells: 1/1 levels left

rFire   . . .      SeeInvis .   a - +0 hand axe
rCold   . . .      Faith    .   (no shield)
rNeg    + . .      Spirit   .   b - +0 animal skin
rPois   .          Reflect  .   (no helmet)
rElec   .          Harm     .   (no cloak)
rCorr   .          Rampage  .   (no gloves)
Will    .....                   (no boots)
Stlth   +.........              (no amulet)
HPRegen 0.09/turn               f - ring of positive energy
MPRegen 0.08/turn               (no ring)

@: no status effects
A: no striking features
a: Renounce Religion, Berserk


You were on level 1 of the Dungeon.
You worshipped Trog.
Trog was aware of your devotion.
You visited 1 branch of the dungeon, and saw 1 of its levels.

You collected 29 gold pieces.

Inventory:

Hand Weapons
 a - a +0 hand axe (weapon)
Armour
 b - a +0 animal skin (worn)
Jewellery
 f - a ring of positive energy (left hand)
Scrolls
 c - 2 scrolls of immolation {unknown}
 d - 2 scrolls of identify {unknown}
Potions
 e - 2 potions of degeneration {unknown}


   Skills:
 + Level 4.2 Fighting
 + Level 4.2 Axes
 + Level 2.2 Armour
 + Level 1.8 Dodging


You had one spell level left.
You didn't know any spells.
Your spell library was empty.

Dungeon Overview and Level Annotations

Branches:
Dungeon (1/15)

Altars:


Message History

There is an open door here.
The rat bites you. The goblin hits you with a +0 dagger.
You miss the goblin. You barely miss the rat. The rat bites you.
The goblin hits you with a +0 dagger.
You hit the goblin.
The goblin is severely wounded.
You barely miss the rat. The rat bites you.
The goblin hits you but does no damage.
You barely miss the goblin.
The goblin is severely wounded.
You hit the hobgoblin. You hit the rat.
You kill the rat!
Trog accepts your kill. The hobgoblin closely misses you.
The goblin hits you with a +0 dagger.
You barely miss the goblin.
The goblin is severely wounded.
You closely miss the hobgoblin. The hobgoblin hits you.
The goblin completely misses you.
You barely miss the goblin.
The goblin is severely wounded.
You closely miss the hobgoblin. The hobgoblin hits you.
The goblin barely misses you.
You barely miss the goblin.
The goblin is severely wounded.
You closely miss the hobgoblin.
The hobgoblin hits you but does no damage.
The goblin hits you with a +0 dagger.
* * * LOW HITPOINT WARNING * * *
You barely miss the goblin.
The goblin is severely wounded.
You closely miss the hobgoblin. The hobgoblin hits you.
* * * LOW HITPOINT WARNING * * *
The goblin misses you.
You barely miss the goblin.
The goblin is severely wounded.
You hit the hobgoblin.
You kill the hobgoblin!
Trog accepts your kill. The goblin hits you with a +0 dagger.
You die...

##.##.# # .##...#.# #
........##### # #....†....#
##.##.###.# ... #.###.##.# #.#
... #........# #.# #.#
#####'#### #.# #.# #.@.# #.#
#.### #..g..# #.#### #.#.##
#.......# #....##
####....####.........####...##
.....†.....+.........+.......#
####....####.........####...##
#.......###.......## ##†###
#..####.# ##.....## #...##
#..####.#####... ##.^^#


You could see a goblin.

Vanquished Creatures
  3 ball pythons (D:1)
  A giant cockroach (D:1)
  A goblin (D:1)
  4 hobgoblins (D:1)
  A bat (D:1)
  A frilled lizard (D:1)
  2 kobolds (D:1)
  2 rats (D:1)
15 creatures vanquished.

Notes
Turn   | Place    | Note
-------+----------+-------------------------------------------
     0 | D:1      | javelincjr the Hill Orc Berserker began the quest for the
                  | Orb.
     0 | D:1      | Reached XP level 1. HP: 19/19 MP: 1/1
   531 | D:1      | Reached XP level 2. HP: 24/27 MP: 2/2
   864 | D:1      | Found a faded altar of an unknown god.
   914 | D:1      | Slain by a goblin

Illustrated notes

Levels and vault maps discovered:
D:1:      dpeg_arrival_windows_large_door, layout_loops_corners,
          ebering_ecumenical_altar_webs

Skill      XL: |  1  2 |
---------------+-------+-----
Fighting       | 4 |  4.2
Axes           | |  4.2
Armour         | |  2.2
Dodging        | |  1.8

Action                   || total
-------------------------++-------
Melee: Hand axe          ||    55
Armor: Animal skin       ||    10
Dodge: Dodged            ||    32
